 Dungeon Crawl Stone Soup version 0.23-a0-586-gacb4b3f (webtiles) character file.

282 reaverb the Ducker (level 6, -7/32 HPs)
             Began as a Deep Elf Conjurer on Dec 20, 2018.
             Mangled by an orc warrior
             ... wielding a +0 halberd
              (18 damage)
             ... on level 4 of the Dungeon.
             The game lasted 00:08:07 (4128 turns).

reaverb the Ducker (Deep Elf Conjurer)              Turns: 4128, Time: 00:08:08

Health: -7/32      AC:  2    Str:  5    XL:     6   Next: 6%
Magic:  7/12       EV: 15    Int: 22    God:
Gold:   159        SH:  0    Dex: 15    Spells: 5/11 levels left

rFire    . . .     SeeInvis .   b - +0 whip (venom)
rCold    . . .     Gourm    .   (no shield)
rNeg     . . .     Faith    .   a - +0 robe
rPois    .         Spirit   .   (no helmet)
rElec    .         Reflect  .   (no cloak)
rCorr    .         Harm     .   (no gloves)
MR       .....                  (no boots)
Stlth    ++........             t - amulet of magic regeneration
HPRegen  0.10/turn              (no ring)
MPRegen  0.38/turn              (no ring)

@: no status effects
A: no striking features
a: no special abilities


You were on level 4 of the Dungeon.
You were not hungry.

You visited 1 branch of the dungeon, and saw 4 of its levels.

You collected 159 gold pieces.

Notes
Turn   | Place    | Note
-------+----------+-------------------------------------------
     0 | D:1      | reaverb the Deep Elf Conjurer began the quest for the Orb.
     0 | D:1      | Reached XP level 1. HP: 10/10 MP: 6/6
     0 | D:1      | meem: I am meem, an upgrade of beem built by MalcolmRose
                  | (check out Malcolm's DCSS vids and other projects at
                  | http://youtube.com/malcolmrosegaming). To have me follow
                  | you in your games, type !subscribemeem - to make me go away
                  | forever, type !quitmeem - For help, type: !meem
   152 | D:1      | Huge Dmg: 3 Dmg
   154 | D:1      | Reached XP level 2. HP: 8/15 MP: 1/8
   516 | D:1      | Learned a level 2 spell: Searing Ray
   537 | D:1      | Reached skill level 5 in Conjurations
   537 | D:1      | Reached XP level 3. HP: 18/19 MP: 7/9
  1142 | D:1      | Huge Dmg: 4 Dmg
  1480 | D:2      | Reached XP level 4. HP: 20/24 MP: 3/10
  1534 | D:2      | Huge Dmg: 6 Dmg
  1718 | D:2      | Learned a level 3 spell: Dazzling Spray
  1731 | D:2      | Noticed Robin
  1761 | D:2      | Killed Robin
  1764 | D:2      | Huge Dmg: 6 Dmg
  1771 | D:2      | Huge Dmg: 5 Dmg
  1772 | D:2      | Reached skill level 1 in Hexes
  2054 | D:2      | Huge Dmg: 7 Dmg
  2591 | D:2      | Reached XP level 5. HP: 24/28 MP: 6/11
  2956 | D:3      | Reached skill level 5 in Dodging
  2980 | D:3      | Huge Dmg: 5 Dmg
  3372 | D:3      | Identified a book of Necromancy
  3530 | D:3      | Huge Dmg: 8 Dmg
  3534 | D:3      | Huge Dmg: 4 Dmg
  3534 | D:3      | HP: 2/28 [something (3)]
  3535 | D:3      | Huge Dmg: 3 Dmg
  3539 | D:3      | Reached XP level 6. HP: 27/32 MP: 5/12
  3699 | D:3      | Found a snail-covered altar of Cheibriados.
  3840 | D:4      | Huge Dmg: 11 Dmg
  4002 | D:4      | Huge Dmg: 7 Dmg
  4113 | D:4      | Noticed an orc warrior
  4118 | D:4      | Huge Dmg: 22 Dmg
  4128 | D:4      | Mangled by an orc warrior

Inventory:

Hand Weapons
 b - a +0 whip of venom (weapon)
 q - a +0 spear of venom
Armour
 a - a +0 robe (worn)
Jewellery
 t - an amulet of magic regeneration (around neck)
Scrolls
 f - 2 scrolls of teleportation {unknown}
 g - 2 scrolls of remove curse {unknown}
 h - a scroll of enchant armour {unknown}
 j - 2 scrolls of fear {unknown}
 l - a scroll of noise {unknown}
 m - 3 scrolls of blinking {unknown}
 n - a scroll of magic mapping {unknown}
 s - a scroll of immolation {unknown}
Potions
 d - a potion of agility {unknown}
 e - 4 potions of heal wounds
 i - a potion of brilliance {unknown}
 k - a potion of flight
 o - a potion of cancellation {unknown}
 p - a potion of mutation {unknown}
 u - a potion of curing {unknown}
Comestibles
 c - 5 rations

Table legend:
 A = Turns spent in this place as a percentage of turns spent in the entire game.
 B = Non-inter-level travel turns spent in this place as a percentage of non-inter-level travel turns spent in the entire game.
 C = Inter-level travel turns spent in this place as a percentage of turns spent in this place.
 D = Turns resting spent in this place as a percentage of non-inter-level travel turns spent in this place.
 E = Turns spent auto-exploring this place as a percentage of non-inter-level travel turns spent in this place.
 F = Non-inter-level travel turns spent in this place divided by the number of levels of this place that you've seen.
                   A       B       C       D       E      F
               +-------+-------+-------+-------+-------+----------------------
         Total | 100.0 | 100.0 |   3.4 |  41.8 |  33.1 | 997.2
       Dungeon | 100.0 | 100.0 |   3.4 |  41.8 |  33.1 | 997.2
               +-------+-------+-------+-------+-------+----------------------


   Skills:
 + Level 5.7 Dodging
 - Level 2.4 Stealth
 - Level 3.0 Spellcasting
 - Level 5.4 Conjurations
 + Level 3.8 Hexes


You had 5 spell levels left.
You knew the following spells:

 Your Spells              Type           Power        Failure   Level  Hunger
a - Magic Dart            Conj           ####         1%          1    None
b - Searing Ray           Conj           ####..       1%          2    ##.....
c - Dazzling Spray        Conj/Hex       ###...       5%          3    ###....

Your spell library contained the following spells:

 Spells                   Type           Power        Failure   Level  Hunger
 Animate Skeleton         Necr           N/A          12%         1    None
 Pain                     Necr           #...         12%         1    None
 Iskenderun's Mystic Bla  Conj           ####....     13%         4    ####...
 Fulminant Prism          Conj/Hex       ###.......   19%         4    ####...
 Regeneration             Chrm/Necr      #.........   36%         3    ###....
 Vampiric Draining        Necr           #.........   36%         3    ###....
 Force Lance              Conj/Tloc      ###.....     38%         4    ####...
 Animate Dead             Necr           N/A          77%         4    ####...


Dungeon Overview and Level Annotations

Branches:
Dungeon (4/15)
 Temple: D:4-7

Altars:
Cheibriados


Message History

Confirm with . or Enter, or press ? or * to list all spells.
Aiming: Magic Dart (safe; 1% risk of failure)
Press: ? - help, Shift-Dir - straight line, f - orc
Aim: an orc (hasn't noticed you)
The magic dart hits the orc.
The orc is heavily wounded.
The orc shouts!
You hear a shout!
The orc wizard points at you and mumbles some strange words.
The puff of flame hits you!
You hear an angry hiss.
Huge Dmg: -21%(-7hp) hp: 79%(25hp)
Casting: Magic Dart (safe; 1% risk of failure)
Confirm with . or Enter, or press ? or * to list all spells.
Aiming: Magic Dart (safe; 1% risk of failure)
Press: ? - help, Shift-Dir - straight line, f/p - orc
Aim: an orc (heavily wounded)
The magic dart hits the orc.
You kill the orc!
Casting: Magic Dart (safe; 1% risk of failure)
Confirm with . or Enter, or press ? or * to list all spells.
Aiming: Magic Dart (safe; 1% risk of failure)
Press: ? - help, Shift-Dir - straight line, f - orc wizard
Aim: an orc wizard, wielding a +0 dagger and wearing a cursed +0 robe The magic dart hits the orc wizard.
The orc wizard is lightly wounded.
An orc priest comes into view.
Casting: Magic Dart (safe; 1% risk of failure)
Confirm with . or Enter, or press ? or * to list all spells.
Aiming: Magic Dart (safe; 1% risk of failure)
Press: ? - help, Shift-Dir - straight line, f/p - orc wizard
Aim: an orc wizard, wielding a +0 dagger and wearing a cursed +0 robe (lightly The magic dart hits the orc wizard.
The orc wizard is lightly wounded.
You climb upwards.
There is a stone staircase leading down here.
You start resting.
Magic restored.
HP restored.
There is an escape hatch in the ceiling here.
There is a stone staircase leading down here.
You climb downwards.
There is a stone staircase leading up here.
Found a short sword.
Found an escape hatch in the ceiling.
Found a ring mail.
You stumble into a teleport trap!
You are suddenly yanked towards some nearby monsters!
Your surroundings suddenly seem different.
An orc and an orc warrior come into view.
Casting: Magic Dart (safe; 1% risk of failure)
Confirm with . or Enter, or press ? or * to list all spells.
You can't see any susceptible monsters within range! (Use Z to cast anyway.)
The orc warrior shouts!
The orc shouts!
An orc comes into view. It is wielding a +0 club.
The orc shouts!
You hear a shout!
Casting: Magic Dart (safe; 1% risk of failure)
Confirm with . or Enter, or press ? or * to list all spells.
Aiming: Searing Ray (safe; 1% risk of failure)
Press: ? - help, Shift-Dir - straight line, f - orc
Aim: an orc, wielding a +0 flail The searing ray hits the orc.
The orc is heavily wounded. (Press . to maintain the ray.)
The searing ray hits the orc warrior.
The searing ray hits the orc warrior.
The orc warrior is lightly wounded.
The searing ray hits the orc warrior.
The orc warrior is moderately wounded.
You finish channeling your searing ray.
The orc warrior hits you from afar with a +0 halberd!!
Ouch! That really hurt!
* * * LOW HITPOINT WARNING * * *
Huge Dmg: -68%(-22hp) hp: 32%(10hp)
You aren't carrying any items that you can evoke without wielding.
You see here 11 gold pieces.
Casting: Searing Ray (safe; 1% risk of failure)
Confirm with . or Enter, or press ? or * to list all spells.
Aiming: Searing Ray (safe; 1% risk of failure)
Press: ? - help, Shift-Dir - straight line, f - orc warrior, p - orc
Aim: an orc warrior, wielding a +0 halberd and wearing a +0 plate armour
Okay, then.
Casting: Searing Ray (safe; 1% risk of failure)
Confirm with . or Enter, or press ? or * to list all spells.
Aiming: Dazzling Spray (safe; 5% risk of failure)
Press: ? - help, Shift-Dir - straight line, f/p - orc
Aim: an orc, wielding a +0 flail (heavily wounded)
The spray of energy hits the orc warrior.
The orc warrior is severely wounded.
The orc warrior is dazzled.
Casting: Dazzling Spray (safe; 5% risk of failure)
Confirm with . or Enter, or press ? or * to list all spells.
Aiming: Searing Ray (safe; 1% risk of failure)
Press: ? - help, Shift-Dir - straight line, f/p - orc
Aim: an orc, wielding a +0 flail (heavily wounded)
The searing ray hits the orc warrior.
The orc warrior is severely wounded. (Press . to maintain the ray.)
The orc warrior hits you from afar with a +0 halberd!!
Ouch! That really hurt!
You die...

...o.# .. #...
.# ..S...
..##.>.#.##
......[
#......<..###
.....#..
...............
#..###.#o
#.........###..
#.##...#.##
#.##......
#......####
###@# #$# #o#
#o# #.# ##o##
#.#####...###
............#
##.#####...#.#


You could see an orc warrior (blind) and 2 orcs.

Table legend:
 A = Kills in this place as a percentage of kills in entire the game.
 B = Kills by you in this place as a percentage of kills by you in the entire game.
 C = Kills by friends in this place as a percentage of kills by friends in the entire game.
 D = Other kills in this place as a percentage of other kills in the entire game.
 E = Experience gained in this place as a percentage of experience gained in the entire game.
 F = Experience gained in this place divided by the number of levels of this place that you have seen.
                   A       B       C       D       E      F
               +-------+-------+-------+-------+-------+----------------------
         Total | 100.0 | 100.0 |   N/A | 100.0 | 100.0 | 101.0
       Dungeon | 100.0 | 100.0 |   N/A | 100.0 | 100.0 | 101.0
               +-------+-------+-------+-------+-------+----------------------

Vanquished Creatures
  A scorpion (D:3)
  An orc wizard (D:3)
  Robin (D:2)
  7 adders
  An ooze (D:2)
  3 worms (D:2)
  4 dart slugs
  A leopard gecko (D:1)
  4 orcs
  9 bats
  2 giant cockroaches (D:2)
  7 hobgoblins
  8 jackals (D:1)
  3 frilled lizards
  19 goblins
  10 kobolds
  8 rats
89 creatures vanquished.

Vanquished Creatures (others)
  An orc wizard (D:3)
1 creature vanquished.

Grand Total: 90 creatures vanquished

Action                   |  1- 3 |  4- 6 || total
-------------------------+-------+-------++-------
Melee: Unarmed           |     2 |       ||     2
       Club              |     4 |       ||     4
       Whip              |    29 |    49 ||    78
 Cast: Magic Dart        |    65 |    46 ||   111
       Searing Ray       |     1 |    16 ||    17
       Dazzling Spray    |       |     2 ||     2
  Use: Scroll            |       |     3 ||     3
       Potion            |       |     1 ||     1
  Eat: Chunk             |     2 |     7 ||     9
       Ration            |       |     1 ||     1
Armor: Robe              |     8 |     7 ||    15
Dodge: Dodged            |    42 |    37 ||    79
